Map: Prion Terraces

Players

Miszu

  • Race: Terran Terran
  • League: Master

Fmtc - Winner!

  • Race: Zerg Zerg
  • League: Master

VOD

Have the link to the VOD?

Description

Time

  • Played on: March 21, 2016, 4:09 p.m.
  • Length: 4:48
Show
View Real Time Build Order
Export as new Build Order

Miszu Terran 

Build Orders:  

Get SALT Encoding   

  12  0:01  SCV  
  13  0:13  SCV  
  14  0:17  Supply Depot  
  14  0:25  SCV  
  15  0:38  SCV  
  16  0:43  Barracks  
  16  0:46  Refinery  
  16  0:50  SCV  
  17  1:00  Barracks  
  17  1:03  SCV  
  18  1:15  Barracks  
  18  1:20  SCV  
  19  1:26  Refinery  
  19  1:30  Reaper  
  20  1:44  Orbital Command  
  20  1:49  Reaper  
  21  1:58  Supply Depot  
  21  2:03  Reaper  
  21  2:07  Reaper  
  23  2:20  SCV  
  23  2:21  Reaper  
  25  2:27  Supply Depot  
  25  2:32  SCV  
  25  2:35  Reaper  
  27  2:39  Reaper  
  28  2:45  SCV  
  29  2:53  Reaper  
  29  2:57  SCV  
  31  3:07  Reaper  
  31  3:11  Reaper  
  33  3:26  Reaper  
  34  3:32  SCV  
  34  3:33  Command Center  
  34  3:39  Reaper  
  35  3:45  SCV  
  37  3:57  Supply Depot, Command Center  
  37  4:00  SCV  
  37  4:02  Barracks Tech Lab  
  37  4:03  Barracks Reactor  
  37  4:13  SCV  
  35  4:25  SCV  
  35  4:28  Barracks Tech Lab  
  35  4:29  Factory  
Show
View Real Time Build Order
Export as new Build Order

Fmtc Zerg - Winner!

Build Orders: Hatch First 

Get SALT Encoding   

  12  0:01  Drone  
  13  0:12  Overlord  
  13  0:17  Drone  
  14  0:22  Extractor  
  14  0:23  Drone  
  15  0:30  Drone  
  15  0:35  Drone  
  17  0:52  Hatchery  
  16  0:57  Drone  
  16  0:59  Drone  
  16  1:02  Extractor  
  17  1:15  Spawning Pool  
  17  1:17  Drone  
  17  1:20  Drone  
  18  1:28  Drone  
  19  1:38  Overlord  
  19  2:02  Zergling x2, Queen  
  19  2:03  Zergling x2  
  19  2:04  Queen  
  19  2:05  Zergling x2  
  26  2:09  Metabolic Boost  
  26  2:12  Drone  
  27  2:16  Drone  
  27  2:21  Drone  
  29  2:28  Drone  
  30  2:32  Spore Crawler  
  28  2:43  Queen  
  31  2:44  Overlord  
  31  2:45  Drone  
  31  2:46  Drone  
  31  2:49  Zergling x2  
  34  2:51  Queen  
  36  3:10  Zergling x6  
  37  3:20  Zergling x6  
  37  3:25  Zergling x4  
  41  3:37  Overlord x2  
  41  3:49  Overlord  
  41  3:50  Zergling x2, Hatchery  
  41  3:51  Zergling x4  
  43  3:57  Overlord  
  43  4:02  Drone x2  
  43  4:23  Drone  
  43  4:24  Drone x3  
  41  4:25  Drone x2  
  41  4:26  Zergling x2  
Tags
 
Add a new tag
Caveats
  • Supply blocks, unpowered buildings, or Contaminate may cause inaccurate times.
  • Supply counts are checked every 10 seconds.